Map: Submarine LE

Players

Iceweaver - Winner!

  • Race: Zerg Zerg
  • League: Bronze
  • Spawn Location: 11:00

Remenger

  • Race: Protoss Protoss
  • Spawn Location: 5:00

VOD

Have the link to the VOD?

Description

Time

  • Played on: June 17, 2020, 9:40 a.m.
  • Length: 16:26
Show
View Real Time Build Order
Export as new Build Order

Iceweaver Zerg - Winner!

Build Orders: Hatch First 

Get SALT Encoding   

  12  0:01  Drone  
  13  0:13  Drone  
  14  0:16  Overlord  
  14  0:35  Drone x2  
  16  0:50  Hatchery  
  16  0:53  Drone  
  16  1:09  Spawning Pool  
  15  1:14  Drone  
  15  1:15  Extractor  
  15  1:17  Drone  
  16  1:24  Drone  
  17  1:32  Drone  
  18  1:38  Drone  
  19  1:48  Drone  
  20  1:58  Queen  
  22  2:05  Drone  
  22  2:07  Drone  
  24  2:09  Queen  
  24  2:11  Overlord  
  26  2:30  Drone  
  27  2:41  Drone x3  
  30  2:44  Drone  
  30  2:45  Extractor  
  30  2:49  Queen  
  34  2:52  Lair  
  34  2:55  Drone  
  33  3:15  Overlord x2  
  33  3:18  Drone x2  
  33  3:19  Drone  
  36  3:23  Overlord x2  
  36  3:33  Queen  
  38  3:38  Drone  
  39  3:47  Evolution Chamber  
  39  3:48  Drone x2  
  40  3:57  Hydralisk Den  
  39  4:05  Spore Crawler  
  39  4:06  Spore Crawler  
  37  4:21  Hatchery  
  36  4:30  Hydralisk x8  
  52  4:39  Drone x2  
  52  4:40  Extractor, Drone x2  
  55  4:48  Drone  
  55  4:49  Drone x3  
  59  5:06  Overseer  
  59  5:09  Grooved Spines  
  59  5:12  Overlord  
  59  5:15  Drone x3  
  59  5:18  Extractor  
  61  5:29  Queen  
  61  5:30  Queen  
  61  5:33  Zerg Missile Weapons Level 1  
  65  5:36  Drone  
  65  5:39  Overlord  
  66  5:45  Drone  
  67  6:06  Pneumatized Carapace  
  67  6:14  Hydralisk  
  67  6:15  Hydralisk  
  67  6:16  Hydralisk x4  
  79  6:24  Queen  
  81  6:25  Drone  
  81  6:26  Drone x2  
  84  6:33  Muscular Augments  
  84  6:39  Evolution Chamber  
  83  6:44  Lurker Den  
  82  6:55  Zergling x2  
  82  6:56  Zergling x14  
  90  7:27  Zerg Ground Armor Level 1  
  90  7:29  Zerg Missile Weapons Level 2  
  90  7:33  Overlord x3  
  90  7:50  Baneling Nest  
  89  8:08  Drone  
  89  8:09  Drone x3  
  93  8:28  Extractor  
  93  8:30  Drone x2  
  93  8:31  Infestation Pit, Drone x3  
  93  8:32  Extractor  
  95  8:40  Drone x3  
  98  8:41  Drone x2  
  98  8:46  Baneling  
  98  8:47  Baneling x15  
  100  9:11  Hydralisk  
  100  9:12  Hydralisk x6  
  114  9:26  Overlord  
  114  9:27  Overlord x5, Spire  
  113  9:51  Zerg Ground Armor Level 2  
  113  10:06  Hatchery  
  94  11:07  Hydralisk x2  
  94  11:08  Hydralisk x9  
  100  11:39  Hydralisk x5  
  86  12:25  Queen  
  86  12:26  Drone x3  
  81  12:31  Hive  
  69  12:53  Drone  
  69  12:54  Drone x3  
  69  12:55  Drone  
  69  12:57  Hydralisk  
  69  12:58  Hydralisk x10  
  76  13:02  Queen  
  76  13:03  Drone x2  
  76  13:04  Drone  
  101  13:23  Extractor  
  101  13:24  Queen  
  82  13:57  Queen  
  84  14:16  Hydralisk  
  84  14:17  Hydralisk x23  
  84  14:18  Hydralisk x5  
  142  14:31  Queen  
  142  14:33  Queen  
  142  14:34  Queen  
  148  14:59  Drone x3  
  151  15:01  Drone x2  
  151  15:02  Drone  
  151  15:05  Extractor  
Show
View Real Time Build Order
Export as new Build Order

Remenger Protoss 

Build Orders:  

Get SALT Encoding   

  12  0:03  Probe  
  13  0:16  Probe  
  14  0:27  Assimilator  
  14  0:28  Probe  
  15  0:32  Assimilator  
  15  0:40  Pylon  
  15  0:58  Probe  
  16  1:10  Probe  
  17  1:12  Pylon  
  17  1:17  Pylon  
  17  1:23  Pylon, Probe  
  18  1:35  Probe  
  18  1:38  Forge  
  19  1:47  Probe  
  20  1:59  Probe  
  21  2:11  Probe  
  22  2:23  Probe  
  23  2:36  Nexus  
  23  2:39  Gateway  
  23  2:49  Pylon  
  23  2:52  Pylon  
  23  3:14  Photon Cannon  
  23  3:18  Photon Cannon  
  23  3:22  Photon Cannon  
  23  3:24  Pylon  
  23  3:32  Probe  
  24  3:44  Probe  
  24  3:46  Cybernetics Core  
  25  3:56  Probe  
  25  3:59  Photon Cannon  
  26  4:03  Assimilator  
  26  4:04  Probe  
  26  4:08  Probe  
  28  4:16  Probe  
  29  4:20  Probe  
  30  4:28  Probe  
  31  4:33  Probe  
  31  4:36  Photon Cannon  
  32  4:38  Pylon  
  32  4:40  Pylon, Probe  
  32  4:44  Photon Cannon  
  32  4:45  Probe  
  34  5:12  Probe  
  34  5:14  Probe  
  36  5:24  Probe  
  36  5:26  Probe  
  36  5:27  Pylon  
  38  5:28  Pylon x2  
  38  5:36  Probe  
  38  5:37  Warp Gate  
  38  5:38  Probe, Shield Battery  
  40  5:44  Nexus  
  40  5:48  Probe  
  41  5:50  Probe  
  41  5:52  Stalker  
  44  6:07  Assimilator  
  44  6:10  Probe  
  45  6:13  Probe  
  46  6:22  Stalker, Probe  
  46  6:23  Photon Cannon  
  46  6:24  Photon Cannon  
  49  6:26  Photon Cannon  
  49  6:31  Pylon  
  49  6:52  Stalker  
  51  7:12  Photon Cannon  
  51  7:15  Pylon  
  51  7:16  Pylon  
  51  7:19  Photon Cannon  
  51  7:22  Stalker  
  53  7:23  Photon Cannon  
  53  7:24  Assimilator  
  53  7:27  Probe  
  54  7:30  Assimilator  
  54  7:32  Protoss Air Weapons Level 1  
  54  7:40  Probe  
  54  7:41  Pylon  
  55  7:45  Pylon  
  55  7:48  Pylon  
  55  7:51  Stalker, Pylon  
  55  7:52  Probe  
  58  8:00  Gateway  
  58  8:02  Gateway  
  58  8:04  Probe  
  59  8:06  Gateway  
  59  8:15  Gateway  
  59  8:16  Probe  
  59  8:18  Gateway  
  60  8:28  Probe  
  61  8:40  Probe  
  62  8:49  Twilight Council  
  62  8:53  Pylon  
  62  8:54  Pylon  
  62  8:56  Pylon  
  62  9:12  Stalker, Robotics Facility  
  62  9:17  Stalker x3  
  70  9:29  Gateway  
  70  9:33  Gateway  
  70  9:39  Gateway  
  70  9:40  Gateway, Protoss Air Armor Level 1  
  70  9:43  Gateway  
  70  9:49  Stargate  
  70  9:55  Dark Shrine, Templar Archives  
  70  10:13  Stalker x2  
  70  10:14  Stalker x2  
  76  10:15  Stalker x2  
  63  10:37  Stalker  
  63  10:38  Stalker x2  
  47  10:51  Photon Cannon  
  47  10:52  Photon Cannon  
  47  10:53  Photon Cannon  
  47  10:56  Photon Cannon x2  
  35  10:58  Photon Cannon  
  35  11:00  Photon Cannon  
  35  11:03  Photon Cannon  
  30  11:09  Stalker x2  
  30  11:10  Stalker  
  32  11:18  Gateway  
  32  11:21  Gateway  
  32  11:24  Gateway  
  30  11:25  Gateway  
  30  11:26  Gateway  
  30  11:28  Gateway  
  30  11:32  Gateway  
  30  11:42  Pylon  
  30  11:46  Pylon  
  30  11:52  Stalker x2  
  34  12:10  Stalker  
  34  12:11  Stalker x2  
  34  12:12  Stalker x3  
  42  12:25  Stalker x3  
  42  12:26  Stalker x2  
  42  12:27  Stalker  
  42  12:28  Stalker  
  56  12:52  Stalker x3  
  56  12:53  Stalker  
  56  12:54  Stalker x2  
  30  13:49  Stalker x2  
  30  13:50  Stalker x2  
  30  13:51  Stalker x2  
  42  14:02  Stalker x2  
  46  14:03  Nexus  
  46  14:21  Assimilator  
  46  14:26  Assimilator, Probe  
  46  14:28  Probe  
  48  14:38  Stalker, Probe  
  48  14:41  Stalker, Probe  
  54  14:50  Probe  
  55  14:53  Probe  
  56  15:03  Probe  
  57  15:15  Probe  
  58  15:28  Stalker x2  
  60  15:29  Stalker, Nexus  
  64  15:40  Assimilator  
  64  15:42  Pylon  
  64  15:45  Pylon  
  64  15:48  Assimilator  
  52  16:05  Stalker x3  
  52  16:06  Stalker  
Tags
 
League
Bronze
Matchup
PvZ
Spawn Locations
Cross Positions
Add a new tag
Caveats
  • Supply blocks, unpowered buildings, or Contaminate may cause inaccurate times.
  • Supply counts are checked every 10 seconds.